 Dungeon Crawl Stone Soup version 0.29.1-1-gd02db6906a (webtiles) character file.

Game seed: 2376318395300020769

456 mopl the Poker (level 6, -9/50 HPs)
             Began as a Palentonga Gladiator on Oct 19, 2022.
             Was a Priest of Makhleb.
             Killed by divine providence
             ... invoked by an orc priest
              (15 damage)
             ... on level 4 of the Dungeon.
             The game lasted 00:04:38 (4326 turns).

mopl the Poker (Palentonga Gladiator)               Turns: 4326, Time: 00:04:39

Health: -9/50      AC: 11    Str: 21    XL:     6   Next: 77%
Magic:  7/7        EV:  4    Int:  9    God:    Makhleb [***...]
Gold:   163        SH:  0    Dex: 11    Spells: 5/5 levels left

rFire   . . .      SeeInvis +   a - +0 glaive
rCold   + + .      Faith    +   (shield currently unavailable)
rNeg    . . .      Spirit   .   n - +0 plate armour
rPois   .          Reflect  .   y - +2 helmet
rElec   .          Harm     .   (no cloak)
rCorr   .          Rampage  .   (no gloves)
Will    .....                   (no barding)
Stlth   ..........              l - amulet of faith
HPRegen 0.16/turn               w - ring of protection from cold
MPRegen 0.10/turn               s - ring of protection from cold

@: no status effects
A: large, rugged brown scales 3, see invisible, deformed body, roll 1, armoured
tail
a: Rolling Charge, Renounce Religion, Minor Destruction, Lesser Servant of
Makhleb


You were on level 4 of the Dungeon.
You worshipped Makhleb.
Makhleb was most pleased with you.
You visited 1 branch of the dungeon, and saw 4 of its levels.

You collected 163 gold pieces.

Inventory:

Hand Weapons
 a - a +0 glaive (weapon)
 v - a +0 trident
Missiles
 d - 3 throwing nets
 e - a javelin
 x - 4 atropa-tipped darts
 A - 7 poisoned darts (quivered)
Armour
 n - a +0 plate armour (worn)
 y - a +2 helmet (worn)
Jewellery
 l - an amulet of faith (around neck)
 s - a ring of protection from cold (right hand)
 w - a ring of protection from cold (left hand)
Scrolls
 b - 2 scrolls of poison {unknown}
 h - a scroll of immolation
 i - a scroll of enchant armour {unknown}
 k - a scroll of torment {unknown}
 o - a scroll of noise {unknown}
 p - 2 scrolls of teleportation {unknown}
 r - 2 scrolls of identify {unknown}
 u - a scroll of fear {unknown}
Potions
 c - a potion of brilliance {unknown}
 f - a potion of haste {unknown}
 g - a potion of curing {unknown}
 j - 2 potions of might {unknown}
 m - 2 potions of attraction {unknown}
 q - a potion of lignification {unknown}
 t - a potion of mutation {unknown}
 z - a potion of resistance {unknown}


   Skills:
 + Level 3.2 Fighting
 * Level 4.4 Polearms
 + Level 2.3 Throwing
 + Level 1.8 Armour
 + Level 3.3 Dodging
 + Level 2.4 Invocations


You had 5 spell levels left.
You didn't know any spells.
Your spell library contained the following spells:

 Spells                   Type           Power      Damage    Failure   Level
 Sting                    Tmut/Pois      0%         1d3       100%        1
 Manifold Assault         Tloc           0%         N/A       100%        5
 Statue Form              Tmut/Erth      0%         N/A       100%        6
 Disjunction              Tloc           0%         N/A       100%        8


Dungeon Overview and Level Annotations

Branches:
Dungeon (4/15)
 Temple: D:4-7

Altars:
Makhleb

Annotations:
D:3 3 runed translucent doors, Fingal42's ghost, amateur HOFi; ZodNigurash's ghost, amateur OgEE


Innate Abilities, Weirdness & Mutations

You are completely covered in rugged brown scales. (AC +3, +7% HP)
You have supernaturally acute eyesight. (SInv)
Armour fits poorly on your strangely shaped body.
You can roll at nearby foes to attack.
You have a long armoured tail.


Message History

You hear a shout!
The orc priest barely misses you.
You slash the orc priest!
The orc priest is almost dead.
The orc priest hits you with a +0 short sword.
An orc priest comes into view. It is wielding a +0 whip.
The orc priest mumbles some strange prayers to Beogh against you.
Beogh smites you!
* * * LOW HITPOINT WARNING * * *
The orc priest moves out of view.
You hear a shout!
You hit the orc priest but do no damage.
The orc priest is almost dead.
The orc priest hits you with a +0 short sword.
* * * LOW HITPOINT WARNING * * *
You closely miss the orc priest.
The orc priest is severely wounded.
The orc priest mumbles some strange prayers to Beogh against you.
Pain shoots through your body!
* * * LOW HITPOINT WARNING * * *
The orc priest hits you with a +0 short sword.
* * * LOW HITPOINT WARNING * * *
You slash the orc priest!
You kill the orc priest!
Makhleb accepts your kill.
Unknown command.
The orc attacks as you move away! The orc barely misses you.
An orc comes into view. It is wielding a +0 hand axe.
The orc attacks as you move away! The orc hits you but does no damage.
A gnoll comes into view. It is wielding a +0 whip.
The orc attacks as you move away! The orc barely misses you.
The orc attacks as you move away! The orc hits you with a +0 hand axe.
* * * LOW HITPOINT WARNING * * *
A gnoll comes into view. It is wielding a +0 spear.
The gnoll shouts!
Found 10 gold pieces.
Found a stone staircase leading down.
The orc priest mumbles some strange prayers to Beogh against you.
Beogh smites you!
You die...

.#### ....#######
..og)o..g.# ....#####.#
.#..# #o# ####
.#..#####.# ######....
.......##.# #....$... #
........#.####....##....
.........ggo...o@..>...#
.....##...####..###..#.#
....#######........ #
#..## #..........
#.###### #..........#
#......# #...........
#......# #.........##
#......# #.........#
..######


You could see an orc priest, 2 gnolls and an orc.

Vanquished Creatures
  A phantom (D:4)
  A scorpion (D:4)
  3 orc priests
  A hound (D:4)
  2 iguanas
  7 adders
  2 worms (D:2)
  9 orcs
  3 ball pythons
  3 endoplasms
  A giant cockroach (D:1)
  5 goblins
  2 hobgoblins
  10 jackals
  5 quokkas
  12 bats
  3 frilled lizards
  4 kobolds
  4 rats
78 creatures vanquished.

Vanquished Creatures (others)
  3 plants (D:4)
3 creatures vanquished.

Grand Total: 81 creatures vanquished

Notes
Turn   | Place    | Note
-------+----------+-------------------------------------------
     0 | D:1      | mopl the Palentonga Gladiator began the quest for the Orb.
     0 | D:1      | Reached XP level 1. HP: 17/17 MP: 1/1
   256 | D:1      | Reached XP level 2. HP: 23/23 MP: 2/2
   454 | D:1      | Reached skill level 3 in Polearms
   513 | D:1      | Found a faded altar of an unknown god.
   525 | D:1      | Prayed at the altar of an unknown god.
   525 | D:1      | Became a worshipper of Makhleb the Destroyer
   525 | D:1      | Reached * piety under Makhleb
   975 | D:1      | Reached XP level 3. HP: 24/28 MP: 3/3
  1554 | D:2      | Reached ** piety under Makhleb
  2363 | D:2      | Reached skill level 1 in Invocations
  2363 | D:2      | Reached XP level 4. HP: 36/36 MP: 4/4
  2522 | D:3      | Reached skill level 1 in Armour
  2852 | D:3      | Got Zefann's Handbook of the Spatial Figure
  2943 | D:3      | Reached XP level 5. HP: 41/41 MP: 6/6
  3333 | D:3      | Found a runed translucent gate.
  3333 | D:3      | Found a runed translucent gate.
  3338 | D:3      | Found a runed translucent gate.
  3352 | D:3      | Noticed ZodNigurash's ghost (amateur OgEE)
  3352 | D:3      | Noticed Fingal42's ghost (amateur HOFi)
  3545 | D:3      | Reached skill level 4 in Polearms
  3737 | D:4      | Reached *** piety under Makhleb
  3858 | D:4      | Reached XP level 6. HP: 47/50 MP: 7/7
  4326 | D:4      | Killed from afar by an orc priest

Illustrated notes

Levels and vault maps discovered:
D:1:      dpeg_arrival_prison, layout_basic, serial_glass, glass_columns_a,
          glass_columns_c, hellmonk_ecumenical_altar_blasted
D:2:      layout_loops_ring
D:3:      layout_basic, gammafunk_ghost_cemetery, minmay_checkerbox
D:4:      layout_basic, serial_forest, infiniplex_forest_clump_small,
          infiniplex_forest_straight_1, infiniplex_forest_clump_tiny,
          infiniplex_forest_clump_tiny, infiniplex_forest_clump_double,
          infiniplex_forest_straight_1, chequers_serial_rivers_micro_b

Skill      XL: |  1  2  3  4  5 |
---------------+----------------+-----
Polearms       | 3 4 |  4.4
Invocations    | 1 2 |  2.4
Armour         | 1 |  1.8
Throwing       | 2 |  2.3
Dodging        | 3 |  3.3
Fighting       | 3 |  3.2

Action                   |  1- 3 |  4- 6 || total
-------------------------+-------+-------++-------
Melee: Trident           |   126 |    45 ||   171
       Tailslap          |     9 |    14 ||    23
       Glaive            |       |   120 ||   120
Armor: Leather armour    |    25 |       ||    25
       Plate armour      |    43 |   159 ||   202
Dodge: Dodged            |    44 |    42 ||    86
